 Dungeon Crawl Stone Soup version 0.28.0-53-g5a82cb258f (webtiles) character file.

Game seed: 4964460460283877997

6 firemarshallily the Cudgeller (level 1, -4/16 HPs)
             Began as a Demonspawn Gladiator on June 6, 2022.
             Was an Initiate of Ashenzari.
             Slain by a gnoll
             ... wielding a +0 spear
              (8 damage)
             ... on level 1 of the Dungeon.
             The game lasted 00:01:19 (281 turns).

firemarshallily the Cudgeller (Demonspawn Gladiator) Turns: 281, Time: 00:01:19

Health: -4/16      AC:  4    Str: 14    XL:     1   Next: 75%
Magic:  1/1        EV: 12    Int:  9    God:    Ashenzari [......]
Gold:   0          SH:  0    Dex: 14    Spells: 0/0 levels left

rFire   . . .      SeeInvis .   a - +0 flail
rCold   . . .      Faith    .   (no shield)
rNeg    . . .      Spirit   .   b - +0 leather armour
rPois   .          Reflect  .   c - +0 helmet
rElec   .          Harm     .   (no cloak)
rCorr   .          Rampage  .   (no gloves)
Will    .....                   (no boots)
Stlth   +.........              (no amulet)
HPRegen 0.05/turn               (no ring)
MPRegen 0.07/turn               (no ring)

@: no status effects
A: no striking features
a: Renounce Religion, Curse Item


You were on level 1 of the Dungeon.
You worshipped Ashenzari.
Ashenzari was noncommittal.
You visited 1 branch of the dungeon, and saw 1 of its levels.

Inventory:

Hand Weapons
 a - a +0 flail (weapon)
Missiles
 d - 3 throwing nets (quivered)
Armour
 b - a +0 leather armour (worn)
 c - a +0 helmet (worn)
Potions
 e - a potion of curing {unknown}
 f - a potion of resistance {unknown}


   Skills:
 * Level 2.1 Fighting
 * Level 2.8 Maces & Flails
 + Level 1.9 Throwing
 + Level 2.7 Dodging


You couldn't memorise any spells.
You didn't know any spells.
Your spell library was empty.

Dungeon Overview and Level Annotations

Branches:
Dungeon (1/15)

Altars:
Ashenzari


Message History

You cannot tell which god this altar belongs to.
Convert to them anyway?
Ashenzari accepts your prayer! Ashenzari welcomes you!
Ashenzari warns you of distant threats and treasures.
Ashenzari reveals the structure of the dungeon to you.
Ashenzari shows you where magical portals lie.
You see here a minotaur skeleton.
Ashenzari invites you to partake of a vision and a curse of ranged combat and melee combat.
An endoplasm comes into view.
Found a stone staircase leading down.
The endoplasm quivers.
You barely miss the endoplasm.
The endoplasm hits you but does no damage. x2
You sock the endoplasm!
You kill the endoplasm!
There is a stone staircase leading down here.
A goblin comes into view. It is wielding a +0 club.
f - a murky golden potion The goblin shouts!
You hit the goblin but do no damage. The goblin hits you with a +0 club.
You sock the goblin!
You kill the goblin!
Things that are here:
a +0 club; a goblin corpse You start resting.
HP restored.
Found a stone staircase leading down.
Found a ring mail.
There is a stone staircase leading down here.
Found 15 stones.
A gnoll comes into view. It is wielding a +0 spear.
The gnoll hits you with a +0 spear.
You closely miss the gnoll. The gnoll completely misses you.
The gnoll hits you with a +0 spear.
You barely miss the gnoll. The gnoll misses you.
You barely miss the gnoll. The gnoll hits you with a +0 spear.
You closely miss the gnoll. The gnoll misses you.
You closely miss the gnoll. The gnoll hits you with a +0 spear. x2
* * * LOW HITPOINT WARNING * * *
The gnoll hits you from afar with a +0 spear!
Ouch! That really hurt!
You die...

##.## .# #.# .......
#..# .####.# .......
##.##... ... .......
#.##..# #.# .......
#..#..###.####.......
##.#[.##.............
#....##......g......
##...##......###
####...##....@(#
#......###.#####
#.###..# #.# #
#.>###.# ##...#.#
###...# #####


You could see a gnoll.

Vanquished Creatures
  An endoplasm (D:1)
  A giant cockroach (D:1)
  2 goblins (D:1)
  A bat (D:1)
  A rat (D:1)
6 creatures vanquished.

Notes
Turn   | Place    | Note
-------+----------+-------------------------------------------
     0 | D:1      | firemarshallily the Demonspawn Gladiator began the quest
                  | for the Orb.
     0 | D:1      | Reached XP level 1. HP: 16/16 MP: 1/1
    96 | D:1      | Found a faded altar of an unknown god.
   111 | D:1      | Prayed at the altar of an unknown god.
   111 | D:1      | Became a worshipper of Ashenzari the Shackled
   281 | D:1      | Slain by a gnoll

Illustrated notes

Levels and vault maps discovered:
D:1:      moated_graveyard_arrival, layout_basic,
          shapermc_ecumenical_altar_pompeii

Action                   || total
-------------------------++-------
Melee: Flail             ||    27
Armor: Leather armour    ||    10
Dodge: Dodged            ||    16
